 Dungeon Crawl Stone Soup version 0.27.0-1-g7a089689b8 (webtiles) character file.

Game seed: 10433619368200755283

222 pkoi the Chopper (level 5, -2/44 HPs)
             Began as a Minotaur Gladiator on Aug 9, 2021.
             Was a Follower of Elyvilon.
             Slain by an orc warrior (14 damage)
             ... on level 4 of the Dungeon.
             The game lasted 00:03:08 (3000 turns).

pkoi the Chopper (Minotaur Gladiator)               Turns: 3000, Time: 00:03:08

Health: -2/44      AC:  7    Str: 19    XL:     5   Next: 66%
Magic:  5/5        EV: 12    Int:  5    God:    Elyvilon [*.....]
Gold:   108        SH:  0    Dex: 12    Spells: 4/4 levels left

rFire    + . .     SeeInvis .   a - +0 war axe
rCold    . . .     Faith    .   (no shield)
rNeg     . . .     Spirit   .   n - +2 leather armour {rF+}
rPois    .         Reflect  .   c - +1 hat
rElec    .         Harm     .   l - scarf {repulsion}
rCorr    .         Rampage  .   (no gloves)
Will     .....                  f - +0 pair of boots
Stlth    +.........             (no amulet)
HPRegen  0.14/turn              p - ring of flight
MPRegen  0.09/turn              (no ring)

@: flying, repel missiles
A: horns 2, retaliatory headbutt
a: Renounce Religion, Lesser Healing, Divine Protection


You were on level 4 of the Dungeon.
You worshipped Elyvilon.
Elyvilon was aware of your devotion.
You visited 1 branch of the dungeon, and saw 4 of its levels.

You collected 108 gold pieces.

Inventory:

Hand Weapons
 a - a +0 war axe (weapon)
Missiles
 d - 3 throwing nets (quivered)
 g - 9 poisoned darts
Armour
 b - a +0 leather armour
 c - a +1 hat (worn)
 f - a +0 pair of boots (worn)
 l - a scarf of repulsion (worn)
 n - a +2 leather armour of fire resistance (worn)
Jewellery
 m - a ring of fire
 p - a ring of flight (left hand)
Wands
 s - a wand of digging (5)
Scrolls
 h - 2 scrolls of teleportation
 o - a scroll of identify
 q - a scroll of noise {unknown}
Potions
 e - a potion of mutation {unknown}
 i - a potion of degeneration {unknown}
 j - a potion of heal wounds
 k - 2 potions of curing {unknown}
 r - 2 potions of haste {unknown}


   Skills:
 + Level 2.9 Fighting
 * Level 6.6 Axes
 - Level 2.0 Throwing
 + Level 1.4 Armour
 + Level 3.6 Dodging
 * Level 1.7 Invocations


You had 4 spell levels left.
You didn't know any spells.
Your spell library contained the following spells:

 Spells                   Type           Power      Damage    Failure   Level
 Inner Flame              Hex/Fire       0%         N/A       88%         3
 Cause Fear               Hex            0%         N/A       99%         4
 Discord                  Hex            0%         N/A       100%        8


Dungeon Overview and Level Annotations

Branches:
Dungeon (4/15)
 Temple: D:4-7

Altars:
Elyvilon

Annotations:
D:2 Sigmund


Innate Abilities, Weirdness & Mutations

You have a pair of horns on your head.
You reflexively headbutt those who attack you in melee.


Message History

The orc is heavily wounded.
The orc closely misses you.
You closely miss the orc.
The orc is heavily wounded.
The orc misses you. You furiously retaliate!
You headbutt the orc!
You kill the orc!
The orc warrior drinks a potion.
The orc warrior flickers and vanishes!
Deactivating autopickup; reactivate with Ctrl-A.
The orc hits you but does no damage.
Things that are here:
a +0 flail; an orc corpse You hit the orc.
The orc is lightly wounded.
The orc hits you with a +0 club.
You slash the orc!
You kill the orc!
You miss something. Something hits you!
No target in view!
No target in view!
No target in view!
No target in view!
No target in view!
No target in view!
No target in view!
No target in view!
No target in view!
No target in view!
No target in view!
No target in view!
No target in view!
No target in view!
No target in view!
No target in view!
No target in view!
No target in view!
Something completely misses you. Something hits you!!
* * * LOW HITPOINT WARNING * * *
Something hits you!
You die...

.. #. ... ##. ...# #..
....###.. .......#
#....# #))## # ##. #@.#
.. ##... ##.## #...
##.... #..#...#
###.....# ##.....#
###.[.....#####.....##
##..........##....#..#
#...............####..#
...............## ..#
.....###.....### #..#


There were no monsters in sight!

Vanquished Creatures
  A hound (D:4)
  An orc priest (D:4)
  An orc wizard (D:4)
  Robin (D:2)
  3 adders
  A worm (D:3)
  8 orcs
  3 bats
  6 endoplasms
  3 giant cockroaches
  11 goblins
  11 hobgoblins
  9 jackals
  2 quokkas
  10 ball pythons
  4 frilled lizards
  4 kobolds
  5 rats
84 creatures vanquished.

Notes
Turn   | Place    | Note
-------+----------+-------------------------------------------
     0 | D:1      | pkoi the Minotaur Gladiator began the quest for the Orb.
     0 | D:1      | Reached XP level 1. HP: 18/18 MP: 0/0
    34 | D:1      | Reached skill level 4 in Axes
   128 | D:1      | Reached XP level 2. HP: 23/25 MP: 1/1
   698 | D:1      | Reached skill level 5 in Axes
   968 | D:2      | Reached XP level 3. HP: 30/30 MP: 2/2
   999 | D:2      | Noticed Robin
  1011 | D:2      | Killed Robin
  1262 | D:2      | Noticed Sigmund
  1661 | D:2      | Reached XP level 4. HP: 36/37 MP: 3/3
  1662 | D:2      | Reached skill level 6 in Axes
  1770 | D:3      | Found a white marble altar of Elyvilon.
  1812 | D:3      | Became a worshipper of Elyvilon the Healer
  2510 | D:4      | Reached * piety under Elyvilon
  2651 | D:4      | Reached skill level 1 in Invocations
  2651 | D:4      | Reached XP level 5. HP: 18/42 MP: 4/4
  2753 | D:4      | Reached skill level 1 in Armour
  2991 | D:4      | Noticed an orc warrior
  3000 | D:4      | Slain by an orc warrior

Illustrated notes

Levels and vault maps discovered:
D:1:      eino_arrival_druids_welcome, layout_loops_corners, dk_noncrumbling_3
D:2:      minmay_wonky_spiral, layout_basic, minivault_25,
          minmay_misc_feat_alley, wad_floor_pattern_1, uniq_robin, uniq_sigmund
D:3:      layout_basic, mainiacjoe_overflow_small_starburst,
          minmay_misc_feat_rugged, minmay_ruptured
D:4:      layout_layer_cave, minmay_misc_feat_columns

Skill      XL: |  1  2  3  4  5 |
---------------+----------------+-----
Axes           | 4 5 6 |  6.6
Invocations    | 1 |  1.7
Armour         | 1 |  1.4
Fighting       | |  2.9
Throwing       | |  2.0
Dodging        | |  3.6

Action                   |  1- 3 |  4- 6 || total
-------------------------+-------+-------++-------
Melee: War axe           |    73 |    71 ||   144
       Headbutt          |    10 |    14 ||    24
  Use: Scroll            |     3 |     3 ||     6
 Stab: Sleeping          |     1 |       ||     1
Armor: Leather armour    |    23 |    28 ||    51
Dodge: Dodged            |    60 |    42 ||   102
